 Dungeon Crawl Stone Soup version 0.29-a0-271-gd4eb659eea (webtiles) character file.

Game seed: 4771932442858419250

429 Hubjo the Sneak (level 6, 0/46 HPs)
             Began as a Vampire Enchanter on Mar 7, 2022.
             Was a Believer of Dithmenos.
             Killed by divine providence
             ... invoked by an orc priest
              (16 damage)
             ... on level 4 of the Dungeon on Mar 8, 2022.
             The game lasted 00:06:40 (3015 turns).

Hubjo the Sneak (Vampire Enchanter)                 Turns: 3015, Time: 00:06:41

Health: 0/46       AC:  2    Str:  7    XL:     6   Next: 66%
Magic:  7/10       EV: 13    Int: 18    God:    Dithmenos [**....]
Gold:   167        SH:  5    Dex: 16    Spells: 4/10 levels left

rFire   . . .      SeeInvis +   a - +1 dagger
rCold   . . .      Faith    .   (no shield)
rNeg    . . .      Spirit   .   b - +0 robe
rPois   .          Reflect  +   (no helmet)
rElec   .          Harm     .   (no cloak)
rCorr   .          Rampage  .   (no gloves)
Will    .....                   (no boots)
Stlth   +++++.....              d - amulet of reflection
HPRegen 0.35/turn               (no ring)
MPRegen 0.12/turn               (no ring)

@: healing quickly, wreathed by umbra
A: alive, fangs 3, see invisible, vampiric 2
a: Exsanguinate, Renounce Religion, Shadow Step


You were on level 4 of the Dungeon.
You worshipped Dithmenos.
Dithmenos was pleased with you.
You visited 1 branch of the dungeon, and saw 4 of its levels.

You collected 167 gold pieces.

Inventory:

Hand Weapons
 a - a +1 dagger (weapon)
 h - a +2 short sword of holy wrath
 w - a +3 quarterstaff of chaos
Armour
 b - a +0 robe (worn)
 s - a +0 robe of resistance
Jewellery
 d - an amulet of reflection (around neck)
 u - a ring of magical power
Wands
 v - a wand of charming (11)
Scrolls
 f - a scroll of blinking {unknown}
 g - a scroll of vulnerability {unknown}
 i - a scroll of acquirement {unknown}
 j - a scroll of silence {unknown}
 k - a scroll of enchant weapon {unknown}
 n - a scroll of enchant armour {unknown}
 o - 2 scrolls of teleportation {unknown}
 p - a scroll of noise {unknown}
 r - a scroll of identify {unknown}
 x - a scroll of fear {unknown}
 y - a scroll of immolation {unknown}
Potions
 c - 2 potions of invisibility
 e - 2 potions of berserk rage {unknown}
 l - 2 potions of curing
 m - a potion of haste {unknown}
 q - a potion of flight {unknown}
 t - a potion of mutation {unknown}


   Skills:
 + Level 2.6 Fighting
 + Level 2.8 Short Blades
 + Level 3.4 Dodging
 * Level 7.4 Stealth
 + Level 2.6 Spellcasting
 + Level 5.7 Hexes


You had 4 spell levels left.
You knew the following spells:

 Your Spells              Type           Power      Damage    Failure   Level
a - Tukima's Dance        Hex            22%        N/A       4%          3
b - Dazzling Flash        Conj/Hex       24%        N/A       16%         3

Your spell library contained the following spells:

 Spells                   Type           Power      Damage    Failure   Level
 Confusing Touch          Hex            22%        N/A       4%          3
 Ensorcelled Hibernation  Hex/Ice        24%        N/A       8%          2
 Conjure Flame            Conj/Fire      2%         6-21      45%         3
 Ignite Poison            Fire/Tmut/Pois 2%         N/A       45%         3
 Sticky Flame             Conj/Fire      2%         2d3       86%         4


Dungeon Overview and Level Annotations

Branches:
Dungeon (4/15)
 Temple: D:4-7

Altars:
Dithmenos
Kikubaaqudgha

Shops:
D:1 *   D:2 [


Innate Abilities, Weirdness & Mutations

Your natural rate of healing is accelerated.
You have razor-sharp teeth.
You have supernaturally acute eyesight. (SInv)
You are afflicted with vampirism and can become a bat while bloodless.


Message History

The bolt completely misses the orc wizard.
The bolt completely misses you.
You hit the orc wizard but do no damage.
The orc wizard is severely wounded.
The orc wizard hits you with a +0 dagger.
* * * LOW HITPOINT WARNING * * *
The orc priest invokes the aid of Beogh against you.
The orc wizard struggles to resist.
You hit the orc wizard.
The orc wizard is severely wounded.
The orc wizard hits you with a +0 dagger.
* * * LOW HITPOINT WARNING * * *
You hit the orc wizard.
The orc wizard is almost dead.
The kobold shoots a bolt.
The bolt closely misses the orc wizard.
The bolt hits you but does no damage.
You hit the orc wizard.
The orc wizard is almost dead.
The orc wizard hits you with a +0 dagger.
* * * LOW HITPOINT WARNING * * *
An endoplasm comes into view.
You barely miss the orc wizard.
The orc wizard is almost dead.
The orc wizard is no longer blind.
The orc wizard barely misses you.
Unknown command.
You hit the orc wizard.
You kill the orc wizard!
Dithmenos accepts your kill.
The kobold is no longer blind.
You barely miss the orc wizard. The orc wizard closely misses you.
The kobold shoots a bolt.
The bolt barely misses the orc wizard.
You reflect the bolt off an invisible shield around you!
The bolt barely misses the orc wizard.
The bolt hits the kobold!
You kill the kobold!
Dithmenos accepts your kill.
It was a potion of curing.
You feel better. The orc wizard completely misses you.
The orc priest mumbles some strange prayers to Beogh against you.
Beogh smites you!
You die...

.. ##..####...####.##.#
..#########..####'######+##.#
........#....................
........#....................
.....>..#....................
........'....................
........#..)o................
...##...####o####...####...##
# ###'# #@# ##### #+###
....K.......)...#
................#
..........J.....+
................#
...##...........# (..
#.....####+## .? #.....#


You could see an orc priest, an orc wizard (invisible) and an endoplasm.

Vanquished Creatures
  3 orc priests (D:3)
  Crazy Yiuf (D:3)
  3 orc wizards
  2 adders
  2 worms (D:3)
  4 dart slugs
  5 orcs
  7 ball pythons
  3 bats
  6 endoplasms
  2 giant cockroaches (D:1)
  3 goblins
  3 hobgoblins
  7 jackals
  3 kobolds
  5 quokkas (D:1)
  A frilled lizard (D:3)
  7 rats
67 creatures vanquished.

Vanquished Creatures (collateral kills)
  Sigmund (D:3)
1 creature vanquished.

Vanquished Creatures (others)
  2 fungi (D:3)
2 creatures vanquished.

Grand Total: 70 creatures vanquished

Notes
Turn   | Place    | Note
-------+----------+-------------------------------------------
     0 | D:1      | Hubjo the Vampire Enchanter began the quest for the Orb.
     0 | D:1      | Reached XP level 1. HP: 13/13 MP: 3/3
   253 | D:1      | Reached XP level 2. HP: 16/20 MP: 5/5
   306 | D:1      | Found a faded altar of an unknown god.
   335 | D:1      | Reached skill level 5 in Stealth
   375 | D:1      | Prayed at the altar of an unknown god.
   375 | D:1      | Became a worshipper of Dithmenos the Shadowed
   375 | D:1      | Reached * piety under Dithmenos
   409 | D:1      | Found Raduxt's General Store.
   434 | D:1      | Reached skill level 1 in Fighting
   568 | D:1      | Gained mutation: You are afflicted with vampirism and can
                  | become a bat while bloodless. [Vampire growth]
   568 | D:1      | Reached XP level 3. HP: 19/26 MP: 6/6
   788 | D:1      | Learned a level 3 spell: Tukima's Dance
   792 | D:1      | Learned a level 3 spell: Dazzling Flash
  1066 | D:2      | Found Kazal's Armour Emporium.
  1641 | D:3      | Reached XP level 4. HP: 33/33 MP: 7/7
  1685 | D:3      | Reached skill level 6 in Stealth
  1793 | D:3      | Reached ** piety under Dithmenos
  1814 | D:3      | Reached skill level 5 in Hexes
  1814 | D:3      | Reached XP level 5. HP: 38/38 MP: 8/8
  2175 | D:3      | Noticed Sigmund
  2197 | D:3      | Killed Sigmund
  2198 | D:3      | Reached skill level 7 in Stealth
  2198 | D:3      | Reached XP level 6. HP: 27/46 MP: 1/9
  2205 | D:3      | Upgraded the game from 0.29-a0-270-g1586fc07ea to
                  | 0.29-a0-271-gd4eb659eea
  2362 | D:3      | Found an ancient bone altar of Kikubaaqudgha.
  2805 | D:3      | Found a runed translucent door.
  2806 | D:3      | Noticed Crazy Yiuf
  2813 | D:3      | Killed Crazy Yiuf
  3015 | D:4      | Killed from afar by an orc priest

Illustrated notes

Levels and vault maps discovered:
D:1:      dpeg_arrival_water_fire, layout_loops_ring, serial_shops, shop,
          dreamdust_ecumenical_altar_statues
D:2:      layout_basic, serial_shops, nicolae_shop_trees
D:3:      layout_basic, mainiacjoe_overflow_alcove_2, minivault_27,
          serial_bayou_crossing, uniq_sigmund, uniq_crazy_yiuf_cottage
D:4:      layout_gridville

Skill      XL: |  1  2  3  4  5 |
---------------+----------------+-----
Stealth        | 5 6 7 |  7.4
Fighting       | 1 2 |  2.6
Short Blades   | 2 |  2.8
Hexes          | 5 |  5.7
Dodging        | 3 |  3.4
Spellcasting   | |  2.6

Action                   |  1- 3 |  4- 6 || total
-------------------------+-------+-------++-------
Melee: Dagger            |   114 |   111 ||   225
       Bite              |    18 |    17 ||    35
       Punch             |       |     2 ||     2
 Cast: Tukima's Dance    |       |     3 ||     3
       Dazzling Flash    |       |     1 ||     1
  Use: Potion            |       |     2 ||     2
 Stab: Sleeping          |     8 |    17 ||    25
Armor: Robe              |    19 |    10 ||    29
Dodge: Dodged            |    56 |    58 ||   114
Block: Other             |    18 |    11 ||    29
       Reflection        |       |     3 ||     3

Table legend: (Time is in decaauts)
 A = Elapsed time spent in this place.
 B = Non-inter-level travel time spent in this place.
 C = Inter-level travel time spent in this place.
 D = Time resting spent in this place.
 E = Time spent auto-exploring this place.
 F = Levels seen in this place.
 G = Mean time per level.
                   A        B        C        D        E       F      G
               +--------+--------+--------+--------+--------+-----+--------+
         Total |   2998 |   2865 |    133 |     78 |   2117 |   4 |  749.5 |
       Dungeon |   2998 |   2865 |    133 |     78 |   2117 |   4 |  749.5 |
               +--------+--------+--------+--------+--------+-----+--------+

Top non-repeatable levels by time:
     D:3: 1274 daAuts
     D:1: 896 daAuts
     D:2: 665 daAuts
     D:4: 163 daAuts
